 Dungeon Crawl Stone Soup version 0.27-a0-419-g7a85846853 (webtiles) character file.

Game seed: 15063965438400265703

127 Chiseanne the Skirmisher (level 4, -2/38 HPs)
             Began as a Demonspawn Wanderer on Feb 26, 2021.
             Slain by Crazy Yiuf
             ... wielding a +4 quarterstaff of chaos
              (18 damage)
             ... on level 3 of the Dungeon.
             The game lasted 00:03:49 (2427 turns).

Chiseanne the Skirmisher (Demonspawn Wanderer)      Turns: 2427, Time: 00:03:50

Health: -2/38      AC: 16    Str: 14    XL:     4   Next: 85%
Magic:  0/4        EV: 10    Int: 10    God:
Gold:   184        SH:  0    Dex: 15    Spells: 3/3 levels left

rFire    + . .     SeeInvis .   a - +1 flail (protect)
rCold    . . .     Faith    .   (no shield)
rNeg     . . .     Spirit   +   j - +0 scale mail
rPois    .         Reflect  .   (no helmet)
rElec    .         Harm     .   i - +0 cloak
rCorr    .         Rampage  .   (no gloves)
Will     .....                  (no boots)
Stlth    ..........             k - amulet of guardian spirit
HPRegen  0.12/turn              g - ring of protection from fire
MPRegen  0.09/turn              (no ring)

@: lethally poisoned (-2 -> -13), protection aura
A: slimy green scales 1, powered by death 2
a: no special abilities


You were on level 3 of the Dungeon.
You visited 1 branch of the dungeon, and saw 3 of its levels.

You collected 184 gold pieces.

Inventory:

Hand Weapons
 a - a +1 flail of protection (weapon)
Missiles
 c - 4 boomerangs of dispersal (quivered)
 d - 12 bolts
 f - 22 sling bullets
Armour
 i - a +0 cloak (worn)
 j - a +0 scale mail (worn)
Jewellery
 g - a ring of protection from fire (left hand)
 k - an amulet of guardian spirit (around neck)
Scrolls
 e - 2 scrolls of identify
Potions
 b - 3 potions of curing
 h - a potion of heal wounds


   Skills:
 * Level 4.7 Fighting
 - Level 1.0(1.5) Axes
 - Level 1.7(1.9) Maces & Flails
 * Level 2.3 Armour
 * Level 2.0 Dodging
 * Level 2.6 Evocations


You had 3 spell levels left.
You didn't know any spells.
Your spell library was empty.

Dungeon Overview and Level Annotations

Branches:
Dungeon (3/15)

Altars:

Annotations:
D:3 1 runed translucent door, Chiseanne's ghost, amateur DsWn; Crazy Yiuf


Innate Abilities, Weirdness & Mutations

You are partially covered in slimy green scales. (AC +2)
You regenerate health from kills.


Message History

No target in view!
No target in view!
No target in view!
No target in view!
No target in view!
No target in view!
No target in view!
Found a mace.
Crazy Yiuf shouts!
Okay, then.
Unknown command.
As you read the scroll of identify, it crumbles to dust.
h - a potion of heal wounds You open the door.
You hit Crazy Yiuf.
Your weapon exudes an aura of protection.
Crazy Yiuf is lightly wounded.
Crazy Yiuf hits you with a +4 quarterstaff of chaos.
You hit Crazy Yiuf.
Crazy Yiuf is moderately wounded.
Crazy Yiuf hits you but does no damage.
You are poisoned.
You closely miss Crazy Yiuf.
Crazy Yiuf is moderately wounded.
You feel sick.
Crazy Yiuf hits you with a +4 quarterstaff of chaos.
You are more poisoned.
Crazy Yiuf yells, "Nubble!"
Crazy Yiuf hits you with a +4 quarterstaff of chaos!
You hit Crazy Yiuf.
Crazy Yiuf is heavily wounded.
You feel sick.
Crazy Yiuf waves his quarterstaff at you.
Crazy Yiuf barely misses you.
You barely miss Crazy Yiuf.
Crazy Yiuf is heavily wounded.
You feel sick.
Crazy Yiuf cries, "Hah ladder pontify!"
Crazy Yiuf hits you but does no damage.
You are electrocuted!!
You die...

..........#
###...)..# ####..).
##### #.... #..)#
#.#.. #...# #.#..
... #.#.. #g# #....
♣♣@♣ ## #.... ♣.♣♣
#. ###.#.# ♣♣.♣ #.
#.....# ♣.♣♣ #.#
#...# # ♣♣.♣♣
#..###...# # ♣...♣♣
#.#.....### ♣....♣
#...###.... #....#
###.........
#....####....#......


You could see Crazy Yiuf.

Vanquished Creatures
  7 adders
  4 worms (D:3)
  A dart slug (D:1)
  3 leopard geckos
  2 orcs (D:3)
  A ball python (D:3)
  3 bats (D:1)
  2 giant cockroaches
  6 goblins
  5 hobgoblins
  5 kobolds
  3 quokkas
  5 frilled lizards
47 creatures vanquished.

Vanquished Creatures (others)
  A hound (D:2)
1 creature vanquished.

Grand Total: 48 creatures vanquished

Notes
Turn   | Place    | Note
-------+----------+-------------------------------------------
     0 | D:1      | Chiseanne the Demonspawn Wanderer began the quest for the
                  | Orb.
     0 | D:1      | Chiseanne set off with the following items: a +2 mace, 2
                  | potions of curing, a +0 robe
     0 | D:1      | Reached XP level 1. HP: 19/19 MP: 1/1
   296 | D:1      | Gained mutation: You are partially covered in slimy green
                  | scales. (AC +2) [demonic ancestry]
   296 | D:1      | Reached XP level 2. HP: 13/25 MP: 2/2
   547 | D:1      | Reached skill level 1 in Dodging
  1041 | D:2      | Gained mutation: You regenerate a little health from kills.
                  | [demonic ancestry]
  1041 | D:2      | Reached XP level 3. HP: 15/31 MP: 3/3
  1913 | D:3      | Found a runed translucent door.
  1947 | D:3      | Gained mutation: You regenerate health from kills. [demonic
                  | ancestry]
  1947 | D:3      | Reached XP level 4. HP: 29/38 MP: 4/4
  1966 | D:3      | Noticed Chiseanne's ghost (amateur DsWn)
  2417 | D:3      | Found a runed translucent door.
  2418 | D:3      | Noticed Crazy Yiuf
  2427 | D:3      | Slain by Crazy Yiuf

Illustrated notes

Levels and vault maps discovered:
D:1:      dpeg_arrival_court, layout_basic
D:2:      layout_basic, lemuel_flame_loot_1
D:3:      layout_rooms, ebering_ghost_sewer_d, minmay_surrounded,
          uniq_crazy_yiuf_cottage

Skill      XL: |  1  2  3  4 |
---------------+-------------+-----
Dodging        | 1 2 |  2.0
Armour         | 2 |  2.3
Fighting       | |  4.7
Axes           | |  1.0
Maces & Flails | |  1.7
Evocations     | |  2.6

Action                   |  1- 3 |  4- 6 || total
-------------------------+-------+-------++-------
Melee: Mace              |    77 |    11 ||    88
       Flail             |       |    65 ||    65
  Use: Scroll            |     1 |     1 ||     2
Armor: Leather armour    |    15 |       ||    15
       Robe              |     2 |       ||     2
       Scale mail        |    27 |    29 ||    56
Dodge: Dodged            |    68 |    33 ||   101

Table legend: (Time is in decaauts)
 A = Elapsed time spent in this place.
 B = Non-inter-level travel time spent in this place.
 C = Inter-level travel time spent in this place.
 D = Time resting spent in this place.
 E = Time spent auto-exploring this place.
 F = Levels seen in this place.
 G = Mean time per level.
                   A        B        C        D        E       F      G
               +--------+--------+--------+--------+--------+-----+--------+
         Total |   2471 |   2428 |     43 |    350 |   1639 |   3 |  823.7 |
       Dungeon |   2471 |   2428 |     43 |    350 |   1639 |   3 |  823.7 |
               +--------+--------+--------+--------+--------+-----+--------+

Top non-repeatable levels by time:
     D:2: 1118 daAuts
     D:1: 813 daAuts
     D:3: 539 daAuts
